 Dungeon Crawl Stone Soup version 0.31-a0-1-g4198be8af4 (webtiles) character file.

Game seed: 3969279753703198658

90 Kranky the Nimble (level 4, -3/32 HPs)
             Began as a Gnoll Wanderer on May 1, 2023.
             Slain by an iron imp (5 damage)
             ... on level 3 of the Dungeon.
             The game lasted 00:05:38 (2291 turns).

Kranky the Nimble (Gnoll Wanderer)                  Turns: 2291, Time: 00:05:38

Health: -3/32      AC: 16    Str: 12    XL:     4   Next: 56%
Magic:  8/8        EV:  5    Int:  9    God:
Gold:   165        SH:  0    Dex: 15    Spells: 8/9 levels left

rFire   . . .        v - +0 long sword
rCold   . . .        (no shield)
rNeg    . . .        q - +3 plate armour
rPois   .            (no helmet)
rElec   .            (no cloak)
rCorr   .            (no gloves)
SInv    .            u - +0 pair of boots
Will    .....        (no amulet) Stlth
                     (no ring)
HPRegen 0.25/turn    (no ring)
MPRegen 0.11/turn

%: no passive effects
@: no status effects
A: fangs 1, strong nose, distributed training
a: no special abilities


You were on level 3 of the Dungeon.
You visited 1 branch of the dungeon, and saw 3 of its levels.

You collected 165 gold pieces.

Inventory:

Hand Weapons
 a - a +0 dagger
 k - a +0 war axe
 v - a +0 long sword (weapon)
Missiles
 b - 2 throwing nets (quivered)
Armour
 e - a +0 leather armour
 q - a +3 plate armour (worn)
 u - a +0 pair of boots (worn)
Jewellery
 o - a ring of see invisible
Scrolls
 d - 4 scrolls of teleportation
 f - 4 scrolls of identify {unknown}
 i - a scroll of butterflies {unknown}
 l - 3 scrolls of immolation {unknown}
 p - a scroll of blinking {unknown}
 t - 3 scrolls of amnesia {unknown}
 w - 2 scrolls of torment {unknown}
 x - a scroll of vulnerability {unknown}
Potions
 c - 2 potions of attraction
 g - a potion of ambrosia {unknown}
 h - a potion of magic {unknown}
 j - a potion of lignification {unknown}
 m - 3 potions of brilliance {unknown}
 n - a potion of might {unknown}
 r - a potion of flight {unknown}
 s - a potion of curing {unknown}


   Skills:
 + Level 1.2 Fighting
 + Level 1.2 Short Blades
 + Level 1.2 Long Blades
 + Level 1.2 Axes
 + Level 1.2 Maces & Flails
 + Level 1.2 Polearms
 + Level 1.2 Staves
 + Level 1.2 Ranged Weapons
 + Level 1.2 Throwing
 + Level 4.7 Armour
 + Level 10.5 Dodging
 + Level 1.2 Stealth
 + Level 1.2 Shields
 + Level 1.2 Unarmed Combat
 + Level 3.0 Spellcasting
 + Level 1.0 Conjurations
 + Level 1.0 Hexes
 + Level 1.0 Summonings
 + Level 2.3 Necromancy
 + Level 1.0 Translocations
 + Level 1.0 Transmutations
 + Level 1.0 Fire Magic
 + Level 1.0 Ice Magic
 + Level 1.0 Air Magic
 + Level 1.0 Earth Magic
 + Level 1.0 Poison Magic
 + Level 2.9 Invocations
 + Level 1.2 Evocations


You had 8 spell levels left.
You knew the following spells:

 Your Spells              Type           Power      Damage    Failure   Level
a - Kiss of Death         Conj/Necr      16%        2d6       100%        1

Your spell library contained the following spells:

 Spells                   Type           Power      Damage    Failure   Level
 Vampiric Draining        Necr           5%         2d6       100%        3


Dungeon Overview and Level Annotations

Branches:
Dungeon (3/15)

Altars:
Makhleb


Innate Abilities, Weirdness & Mutations

You have very sharp teeth.
Your uncanny sense of smell can sniff out nearby items.
Your experience applies equally to all skills.


Message History

You barely miss the iron imp. The iron imp hits you!
You hit the iron imp but do no damage. The iron imp hits you!
You are too injured to fight recklessly!
You are too injured to fight recklessly!
You are too injured to fight recklessly!
You hit the iron imp.
The iron imp is lightly wounded.
The iron imp barely misses you.
You hit the iron imp but do no damage.
The iron imp is lightly wounded.
The iron imp closely misses you.
You hit the iron imp.
The iron imp is lightly wounded.
The iron imp hits you but does no damage.
You hit the iron imp but do no damage.
You bite the iron imp, but do no damage.
The iron imp is lightly wounded.
The iron imp hits you but does no damage.
You closely miss the iron imp.
The iron imp is lightly wounded.
The iron imp hits you.
You slash the iron imp! You bite the iron imp.
The iron imp is severely wounded.
The iron imp hits you.
You barely miss the iron imp.
The iron imp is severely wounded.
The iron imp hits you!
* * * LOW HITPOINT WARNING * * *
The iron imp hits you but does no damage.
You barely miss the iron imp.
The iron imp is severely wounded.
The iron imp hits you.
* * * LOW HITPOINT WARNING * * *
You hit the iron imp but do no damage. Your bite misses the iron imp.
The iron imp is severely wounded.
The iron imp hits you but does no damage.
You closely miss the iron imp.
The iron imp is severely wounded.
The iron imp hits you.
You die...

#5≈≈.......≈§.#
###########..≈≈5....≈≈..#
#........##5..≈≈§.≈§≈...##
#.........#....§≈8≈§....#.
#.........#......≈......#.
#######...#.............#.
#...#.............#.
########...#.............#.
#......#..@#.............#.
#......#...5....##########.
#######......###'###### #.
......#......# #.# #.
......#......# #.# #.
......#......###.# #.
......'......'..># #########.
......#......###.# #.........
......##########.#######.########


You could see an iron imp.

Vanquished Creatures
  An iron imp (D:3)
  An adder (D:2)
  2 worms (D:2)
  A dart slug (D:2)
  3 ball pythons
  4 endoplasms
  4 goblins
  6 hobgoblins
  5 kobolds
  A quokka (D:2)
  6 bats
  6 frilled lizards
  6 rats
46 creatures vanquished.

Notes
Turn   | Place    | Note
-------+----------+-------------------------------------------
     0 | D:1      | Reached skill level 10 in Dodging
     0 | D:1      | Kranky the Gnoll Wanderer began the quest for the Orb.
     0 | D:1      | Kranky set off with the following items: a +0 dagger, 2
                  | throwing nets, a potion of attraction, a scroll of
                  | teleportation, a +0 leather armour; and the following spell
                  | memorised: Kiss of Death; and the following spells
                  | available to memorise: Vampiric Draining.
     0 | D:1      | Reached XP level 1. HP: 13/13 MP: 4/4
   112 | D:1      | Reached XP level 2. HP: 19/19 MP: 5/5
   605 | D:2      | Found a faded altar of an unknown god.
   793 | D:2      | Reached XP level 3. HP: 20/25 MP: 7/7
  1309 | D:2      | Reached skill level 1 in Fighting
  1309 | D:2      | Reached skill level 1 in Short Blades
  1309 | D:2      | Reached skill level 1 in Long Blades
  1309 | D:2      | Reached skill level 1 in Axes
  1309 | D:2      | Reached skill level 1 in Maces & Flails
  1309 | D:2      | Reached skill level 1 in Polearms
  1309 | D:2      | Reached skill level 1 in Staves
  1309 | D:2      | Reached skill level 1 in Ranged Weapons
  1309 | D:2      | Reached skill level 1 in Throwing
  1309 | D:2      | Reached skill level 1 in Stealth
  1309 | D:2      | Reached skill level 1 in Shields
  1309 | D:2      | Reached skill level 1 in Unarmed Combat
  1309 | D:2      | Reached skill level 1 in Evocations
  1775 | D:3      | Reached XP level 4. HP: 31/32 MP: 8/8
  2157 | D:3      | Found a burning altar of Makhleb.
  2195 | D:3      | Reached skill level 1 in Conjurations
  2195 | D:3      | Reached skill level 1 in Hexes
  2195 | D:3      | Reached skill level 1 in Summonings
  2195 | D:3      | Reached skill level 1 in Translocations
  2195 | D:3      | Reached skill level 1 in Transmutations
  2195 | D:3      | Reached skill level 1 in Fire Magic
  2195 | D:3      | Reached skill level 1 in Ice Magic
  2195 | D:3      | Reached skill level 1 in Air Magic
  2195 | D:3      | Reached skill level 1 in Earth Magic
  2195 | D:3      | Reached skill level 1 in Poison Magic
  2289 | D:3      | HP: 1/32 [iron imp (2)]
  2291 | D:3      | Slain by an iron imp

Illustrated notes

Levels and vault maps discovered:
D:1:      saegor_arrival_miasma, layout_basic
D:2:      layout_loops_ring, serial_glass, glass_columns_b, glass_columns_a,
          feat_on_display, item_on_display_a, basic_ecumenical_altar,
          hangedman_decor_push
D:3:      layout_basic, demons_altar, chequers_jeans

Skill      XL: |  1  2  3  4 |
---------------+-------------+-----
Dodging        | | 10.5
Necromancy     | 2 |  2.3
Fighting       | 1 |  1.2
Short Blades   | 1 |  1.2
Long Blades    | 1 |  1.2
Axes           | 1 |  1.2
Maces & Flails | 1 |  1.2
Polearms       | 1 |  1.2
Staves         | 1 |  1.2
Ranged Weapons | 1 |  1.2
Throwing       | 1 |  1.2
Stealth        | 1 |  1.2
Shields        | 1 |  1.2
Unarmed Combat | 1 |  1.2
Evocations     | 1 |  1.2
Spellcasting   | 3 |  3.0
Conjurations   | 1 |  1.0
Hexes          | 1 |  1.0
Summonings     | 1 |  1.0
Translocations | 1 |  1.0
Transmutations | 1 |  1.0
Fire Magic     | 1 |  1.0
Ice Magic      | 1 |  1.0
Air Magic      | 1 |  1.0
Earth Magic    | 1 |  1.0
Poison Magic   | 1 |  1.0
Armour         | |  4.7
Invocations    | |  2.9

Action                     |  1- 3 |  4- 6 || total
---------------------------+-------+-------++-------
  Melee: Dagger            |   243 |     7 ||   250
         Bite              |    28 |     6 ||    34
         Punch             |     2 |       ||     2
         Long sword        |       |    29 ||    29
   Stab: Sleeping          |     3 |       ||     3
 Armour: Leather armour    |    31 |       ||    31
         Plate armour      |    39 |    13 ||    52
  Dodge: Dodged            |   159 |     9 ||   168

Table legend: (Time is in decaauts)
 A = Elapsed time spent in this place.
 B = Non-inter-level travel time spent in this place.
 C = Inter-level travel time spent in this place.
 D = Time resting spent in this place.
 E = Time spent auto-exploring this place.
 F = Levels seen in this place.
 G = Mean time per level.
                   A        B        C        D        E       F      G
               +--------+--------+--------+--------+--------+-----+--------+
         Total |   2294 |   2253 |     41 |    213 |   1418 |   3 |  764.7 |
       Dungeon |   2294 |   2253 |     41 |    213 |   1418 |   3 |  764.7 |
               +--------+--------+--------+--------+--------+-----+--------+

Top non-repeatable levels by time:
     D:2: 1005 daAuts
     D:1: 689 daAuts
     D:3: 600 daAuts
